 Dungeon Crawl Stone Soup version 0.20.1-1-g8b1a95d (webtiles) character file.

6213 Monsterracer the Destroyer (level 10, -3/84 HPs)
             Began as a Yellow Draconian Conjurer on Sept 14, 2017.
             Was an Initiate of Ashenzari.
             Slain by a four-headed hydra (6 damage)
             ... on level 1 of the Lair of Beasts.
             The game lasted 00:19:42 (10374 turns).

Monsterracer the Destroyer (DrCj)                  Turns: 10374, Time: 00:19:43

Health: -3/84      AC:  7    Str: 10    XL:     10   Next: 61%
Magic:  2/21       EV: 18    Int: 18    God:    Ashenzari [......]
Gold:   516        SH:  0    Dex: 13    Spells: 9/24 levels left

rFire    . . .     SeeInvis .   a - staff of conjuration (curse)
rCold    . . .     Gourm    .   (no shield)
rNeg     . . .     Faith    .   (armour unavailable)
rPois    .         Spirit   .   (helmet restricted)
rElec    .         Reflect  .   (no cloak)
rCorr    +         Harm     .   (no gloves)
MR       .....                  (no boots)
Stlth    ++........             (no amulet)
Regen    0.3/turn               B - +6 ring of evasion (curse)
MPRegen  0.2/turn               l - +5 ring of slaying (curse)

@: no status effects
A: spit acid, acid resistance, unfitting armour, cold-blooded, AC +7
a: Breathe Acid, Curse Item, Renounce Religion


You were on level 1 of the Lair of Beasts.
You worshipped Ashenzari.
Ashenzari was noncommittal.
You were hungry.

You visited 3 branches of the dungeon, and saw 11 of its levels.

You collected 516 gold pieces.

Inventory:

Missiles
 z - 4 throwing nets (quivered)
Magical Staves
 a - a cursed staff of conjuration (weapon)
Jewellery
 e - an uncursed ring of positive energy
 k - a +2 ring of protection
 l - a cursed +5 ring of slaying (right hand)
 B - a cursed +6 ring of evasion (left hand)
Wands
 b - a wand of iceblast (9/15)
 h - a wand of acid (5/15)
 u - a wand of flame (17/48)
Scrolls
 f - a scroll of enchant weapon
 g - a scroll of fear
 m - 2 scrolls of amnesia
 A - 3 scrolls of teleportation
Potions
 c - 2 potions of lignification {unknown}
 j - a potion of resistance
 o - 2 potions of flight
 p - 5 potions of curing
 q - a potion of magic
 t - 2 potions of agility
 v - 2 potions of heal wounds
 C - a potion of cancellation
 F - a potion of degeneration {unknown}
Comestibles
 d - 3 chunks of flesh
 i - 9 fruits
 n - 7 bread rations
 w - 3 meat rations
 x - 6 royal jellies


   Skills:
 + Level 6.5 Fighting
 - Level 1.7 Dodging
 - Level 2.0 Stealth
 + Level 7.7 Spellcasting
 * Level 11.9 Conjurations
 - Level 3.1 Hexes
 - Level 3.3 Translocations


You had 9 spell levels left.
You knew the following spells:

 Your Spells              Type           Power        Failure   Level  Hunger
a - Magic Dart            Conj           ####         1%          1    None
b - Searing Ray           Conj           ######       1%          2    None
c - Iskenderun's Mystic   Conj           ######..     1%          4    ###....
d - Fulminant Prism       Conj/Hex       ######....   4%          4    ###....
f - Force Lance           Conj/Tloc      ######..     4%          4    ###....


Dungeon Overview and Level Annotations

Branches:
Dungeon (9/15)             Temple (1/1) D:7            Lair (1/6) D:8
    Orc: D:9-12

Altars:
Ashenzari
Cheibriados
Dithmenos
Elyvilon
Fedhas
Gozag
Hepliaklqana
Kikubaaqudgha
Makhleb
Nemelex Xobeh
Okawaru
Qazlal
Ru
Sif Muna
Trog
Vehumet
Xom
Zin
The Shining One

Portals:
Volcano: Lair:1


Innate Abilities, Weirdness & Mutations

You can spit globs of acid.
You are resistant to acid.
Your golden yellow scales are hard. (AC +7)
You cannot fit into any form of body armour.
You are cold-blooded and may be slowed by cold attacks.


Message History

You feel a surge of power!
The searing ray hits the four-headed hydra.
The four-headed hydra is almost dead. (Press . to maintain the ray.)
* * * LOW MAGIC WARNING * * *
The four-headed hydra bites you.
* * * LOW HITPOINT WARNING * * *
The four-headed hydra bites you!
* * * LOW HITPOINT WARNING * * *
The four-headed hydra bites you!
* * * LOW HITPOINT WARNING * * *
The four-headed hydra completely misses you.
Huge Dmg: -30%(-26hp) hp: 20%(16hp)
The searing ray hits the four-headed hydra.
The four-headed hydra is almost dead.
* * * LOW MAGIC WARNING * * *
The four-headed hydra bites you!
* * * LOW HITPOINT WARNING * * *
The four-headed hydra bites you.
You die...

# ...........≈≈#
#######.........§§≈.
###.....#......§.#§§.§ ≈ ###
#...............§.§§#≈§. ..##
#..............#≈#§#...# ...#
#................≈.∩..... ...#
#.............#..≈#.#.... .†.##
#..............≈≈....##.
....###.........@D...§.........
...###.............#.....#.....
...P##............###....# ...#
.................## #..........
...##............# ..........>
...###..........## #...........
#### #..........# .........?.
#....(...### #...........
##.......# #......)...


You could see a four-headed hydra.

Vanquished Creatures
  Harold (Lair:1)
  2 spiny frogs (Lair:1)
  A komodo dragon (Lair:1)
  2 hornets
  A troll (D:5)
  A yak (D:7)
  3 hogs (D:7)
  A human (D:7)
  2 hell hounds (D:8)
  6 orc warriors
  2 ice beasts
  A sky beast (D:8)
  3 phantoms
  5 ogres
  A big kobold (D:8)
  Blork the orc (D:4)
  4 bullfrogs
  2 wyvern zombies
  An electric eel (D:7)
  A howler monkey (D:6)
  4 crimson imps
  A centaur zombie (D:7)
  3 hounds
  4 orc priests
  A bullfrog skeleton (D:8)
  7 orc wizards
  An iguana (D:8)
  8 worker ants
  A hound skeleton (D:5)
  2 worker ant zombies
  6 gnolls (D:7)
  9 adders
  3 shadow imps
  An adder skeleton (D:6)
  2 worms
  4 dart slugs
  6 leopard geckos
  31 orcs
  2 ball pythons (D:2)
  A giant cockroach (D:1)
  5 goblins
  2 hobgoblins
  7 jackals
  4 quokkas
  8 bats
  4 frilled lizards
  11 kobolds
  A leopard gecko skeleton (D:4)
  10 rats
  A fungus (D:1)
  4 plants (D:7)
195 creatures vanquished.

Vanquished Creatures (others)
  18 fulminant prisms
18 creatures vanquished.

Grand Total: 213 creatures vanquished

Notes
Turn   | Place    | Note
-------+----------+-------------------------------------------
     0 | D:1      | Monsterracer the Draconian Conjurer began the quest for the Orb.
     0 | D:1      | Reached XP level 1. HP: 14/14 MP: 3/3
   353 | D:1      | Reached XP level 2. HP: 20/20 MP: 1/5
   357 | D:1      | Learned a level 2 spell: Searing Ray
  1164 | D:1      | Reached XP level 3. HP: 26/26 MP: 1/6
  1390 | D:2      | Reached skill level 5 in Conjurations
  1390 | D:2      | HP: 13/26 [poisoned by an adder]
  1395 | D:2      | HP: 11/26 [poisoned by an adder]
  1400 | D:2      | HP: 10/26 [poisoned by an adder]
  1408 | D:2      | HP: 8/26 [poisoned by an adder]
  1455 | D:2      | Reached XP level 4. HP: 14/33 MP: 5/8
  2250 | D:3      | Reached XP level 5. HP: 27/38 MP: 3/9
  2259 | D:3      | Learned a level 4 spell: Iskenderun's Mystic Blast
  2915 | D:4      | Reached skill level 6 in Conjurations
  3106 | D:4      | Noticed Blork the orc
  3110 | D:4      | Killed Blork the orc
  3110 | D:4      | Reached XP level 6. HP: 34/45 MP: 6/11
  3120 | D:4      | Learned a level 4 spell: Fulminant Prism
  3312 | D:4      | Found a shimmering altar of Xom.
  3312 | D:4      | Found a sacrificial altar of Ru.
  3327 | D:5      | Entered Level 5 of the Dungeon
  3360 | D:5      | HP: 5/45 [ogre/giant spiked club (24)]
  3496 | D:5      | Reached skill level 7 in Conjurations
  3986 | D:5      | Found a stormy altar of Qazlal.
  4090 | D:5      | HP: 19/45 [ogre/giant club (26)]
  4091 | D:5      | Your scales start taking on a golden yellow colour.
  4091 | D:5      | Reached XP level 7. HP: 21/50 MP: 8/13
  4282 | D:5      | Noticed a troll
  4314 | D:5      | HP: 22/50 [troll (5)]
  4315 | D:5      | HP: 7/50 [troll (6)]
  4317 | D:5      | Killed a troll
  4317 | D:5      | Reached skill level 8 in Conjurations
  4590 | D:5      | Learned a level 4 spell: Force Lance
  4775 | D:6      | Reached skill level 5 in Spellcasting
  4940 | D:6      | Reached XP level 8. HP: 57/57 MP: 11/15
  5169 | D:6      | Reached skill level 9 in Conjurations
  5312 | D:6      | Reached skill level 1 in Translocations
  5446 | D:6      | Reached skill level 1 in Fighting
  5705 | D:6      | HP: 19/59 [orc warrior/battleaxe (13)]
  6005 | D:7      | Found a staircase to the Ecumenical Temple.
  6017 | Temple   | Entered the Ecumenical Temple
  6236 | Temple   | Became a worshipper of Ashenzari the Shackled
  6704 | D:7      | HP: 31/62 [centaur zombie (6)]
  7117 | D:7      | Reached XP level 9. HP: 53/68 MP: 5/18
  7117 | D:7      | Reached skill level 10 in Conjurations
  7126 | D:7      | HP: 31/70 [hog (6)]
  7569 | D:7      | HP: 27/71 [wyvern zombie (10)]
  7574 | D:7      | Reached skill level 1 in Hexes
  8336 | D:8      | Found a staircase to the Lair.
  8364 | D:8      | Reached skill level 5 in Fighting
  8477 | D:8      | Found a blossoming altar of Fedhas.
  8892 | D:8      | Reached skill level 11 in Conjurations
  9083 | D:8      | Reached XP level 10. HP: 81/81 MP: 13/20
  9094 | D:9      | Paralysed by a hornet for 2 turns
  9101 | D:8      | HP: 35/81 [orc warrior/battleaxe (18)]
  9358 | D:9      | HP: 35/81 [something (11)]
  9608 | D:9      | HP: 40/81 [something (11)]
  9611 | D:9      | HP: 19/81 [something (4)]
  9997 | Lair:1   | Entered Level 1 of the Lair of Beasts
 10000 | Lair:1   | Noticed a spiny frog
 10009 | Lair:1   | Killed a spiny frog
 10151 | Lair:1   | Noticed Harold
 10170 | Lair:1   | Killed Harold
 10334 | Lair:1   | Noticed a spiny frog
 10347 | Lair:1   | Killed a spiny frog
 10356 | Lair:1   | Found a dark tunnel.
 10359 | Lair:1   | Noticed a four-headed hydra
 10372 | Lair:1   | HP: 42/84 [four-headed hydra (6)]
 10373 | Lair:1   | HP: 16/84 [four-headed hydra (10)]
 10374 | Lair:1   | HP: 3/84 [four-headed hydra (13)]
 10374 | Lair:1   | Slain by a four-headed hydra

Skill      XL: |  1  2  3  4  5  6  7  8  9 10 |
---------------+-------------------------------+-----
Stealth        | 2 |  2.0
Conjurations   | 5 6 7 8 9 11 | 11.9
Spellcasting   | 3 4 5 6 7 |  7.7
Translocations | 2 3 |  3.3
Fighting       | 2 5 6 |  6.5
Hexes          | 2 3 |  3.1
Dodging        | |  1.7

Action                   |  1- 3 |  4- 6 |  7- 9 | 10-12 || total
-------------------------+-------+-------+-------+-------++-------
Melee: Whip              |     5 |       |       |       ||     5
       Unarmed           |     2 |       |       |       ||     2
       Tailslap          |     4 |    10 |    19 |     1 ||    34
       Mace              |    22 |    10 |       |       ||    32
       Short sword       |       |    22 |       |       ||    22
       Staff             |       |    38 |   145 |    29 ||   212
       Rapier            |       |       |     7 |       ||     7
 Cast: Magic Dart        |    38 |    17 |    37 |    17 ||   109
       Searing Ray       |     4 |     7 |    37 |    18 ||    66
       Fulminant Prism   |       |       |    10 |     8 ||    18
       Iskenderun's Myst |       |       |     8 |     7 ||    15
       Force Lance       |       |       |       |     2 ||     2
Invok: Curse Item        |       |       |     3 |       ||     3
 Abil: Breathe Acid      |       |       |     1 |       ||     1
  Use: Scroll            |       |       |    16 |       ||    16
 Stab: Sleeping          |     1 |     2 |       |       ||     3
  Eat: Chunk             |     2 |     8 |    16 |     6 ||    32
       Fruit             |       |       |     3 |     1 ||     4
Armor: Skin              |    12 |    16 |    49 |    17 ||    94
Dodge: Dodged            |    25 |    46 |   186 |    68 ||   325
